AoeStats
← MGtheEvil

Arena

511057239Analyzed
2v2 RM · 4h ago on Oct 3, 2026· 11m 52s· 4 players
Game mode
Random Map
Map size
Medium (4 player)
Population
200
Speed
Normal
Resources
Standard
Victory
Conquest
Starting age
Dark Age
Ending age
Imperial Age
RankedLock teamsTeams togetherTeam positionsShared explorationLock speedFull tech treeHidden civsTurbo modeCheats
Victory
Defeat
🇳🇴 Turks · Norway
881
+13
🇳🇴 Vikings · Norway
850
+14
🇧🇩 Lithuanians · Bangladesh
818
-13
🇧🇩 Maya · Bangladesh
818
-14
Lænsmannj
11:34 Feudal Age
12:12 Loom
Kaos
10:58 Feudal Age
MGtheEvil
11:23 Feudal Age
10:13 Loom
10:21 Loom
Nayem
2:29 Loom
11:23 Feudal Age
Connection lost

Rejoining the realm…

Still unreachable

The connection could not be restored.

Session expired

The server has moved on; the page needs a fresh start.